 Dungeon Crawl Stone Soup version 0.29.1-2-gbd0b4ee654 (webtiles) character file.

Game seed: 1215273707751680594

88 Icepheonix32 the Covered (level 4, 0/38 HPs)
             Began as a Demigod Fighter on Nov 3, 2022.
             Succumbed to an orc wizard's poison
             ... on level 3 of the Dungeon.
             The game lasted 00:01:42 (2203 turns).

Icepheonix32 the Covered (Demigod Fighter)          Turns: 2203, Time: 00:01:42

Health: 0/38       AC:  8    Str: 27    XL:     4   Next: 9%
Magic:  6/6        EV:  9    Int: 10    God:
Gold:   88         SH:  4    Dex: 13    Spells: 3/3 levels left

rFire   . . .      SeeInvis .   g - +3 short sword (flame)
rCold   . . .      Faith    .   c - +0 buckler
rNeg    . . .      Spirit   .   b - +0 scale mail
rPois   .          Reflect  .   (no helmet)
rElec   .          Harm     .   (no cloak)
rCorr   .          Rampage  .   (no gloves)
Will    .....                   n - +0 pair of boots
Stlth   ..........              (no amulet)
HPRegen 0.12/turn               j - +6 ring of strength
MPRegen 0.10/turn               (no ring)

@: lethally poisoned (0 -> -17)
A: high MP 1, forlorn, divine attributes
a: no special abilities


You were on level 3 of the Dungeon.
You visited 1 branch of the dungeon, and saw 3 of its levels.

You collected 88 gold pieces.

Inventory:

Hand Weapons
 a - a +0 long sword
 g - a +3 short sword of flaming (weapon)
Armour
 b - a +0 scale mail (worn)
 c - a +0 buckler (worn)
 n - a +0 pair of boots (worn)
Jewellery
 j - a +6 ring of strength (left hand)
 q - a +6 ring of intelligence
Wands
 k - a wand of flame (25)
Scrolls
 f - a scroll of identify {unknown}
 h - 3 scrolls of blinking {unknown}
 i - 2 scrolls of teleportation {unknown}
 p - a scroll of vulnerability {unknown}
Potions
 d - a potion of might
 e - 2 potions of lignification {unknown}
 l - a potion of haste {unknown}
 m - a potion of magic {unknown}
 o - 2 potions of curing {unknown}


   Skills:
 + Level 3.1 Fighting
 + Level 1.8(2.3) Short Blades
 + Level 1.9(2.3) Long Blades
 + Level 3.3 Armour
 + Level 3.1 Shields


You had 3 spell levels left.
You didn't know any spells.
Your spell library contained the following spells:

 Spells                   Type           Power      Damage    Failure   Level
 Ignite Poison            Fire/Tmut/Pois 0%         N/A       97%         3
 Mephitic Cloud           Conj/Pois/Air  0%         N/A       97%         3
 Freezing Cloud           Conj/Ice/Air   0%         6-21      100%        5


Dungeon Overview and Level Annotations

Branches:
Dungeon (3/15)


Innate Abilities, Weirdness & Mutations

You have an increased reservoir of magic. (+10% MP)
You shall have no god before yourself.
Your divine heritage dramatically boosts your attributes as you level up.


Message History

Press: ? - help, Shift-Dir - straight line, f - Jessica
Aim: Jessica, wielding a +0 dagger and wearing a +0 robe (almost dead, fast, 68% to hit)
The puff of flame hits Jessica.
You kill Jessica!
You have reached level 4!
An orc comes into view. It is wielding a +0 hand axe.
Found a scroll labelled IPPAETEFIM.
Found a stone staircase leading down.
You see here a +6 ring of intelligence.
q - a +6 ring of intelligence The orc shouts!
The orc throws a boomerang.
The boomerang barely misses you.
An orc wizard comes into view. It is wielding a +0 dagger of venom.
The orc wizard shouts!
You hit the orc. You burn the orc.
You kill the orc!
The orc wizard gestures wildly while chanting.
The orc wizard flickers and vanishes!
Deactivating autopickup; reactivate with Ctrl-A.
No target in view!
No target in view!
An orc comes into view. It is wielding a +0 hand axe.
The orc shouts!
You hear some strange, mumbled words.
A puff of flame appears from out of thin air!
The puff of flame hits you.
Items here: $ ( ) [.
The orc hits you with a +0 hand axe. Something hits you.
You closely miss something. The orc hits you with a +0 hand axe.
* * * LOW HITPOINT WARNING * * *
Something hits you but does no damage.
You are poisoned.
You closely miss something.
You feel sick. The orc hits you with a +0 hand axe.
* * * LOW HITPOINT WARNING * * *
Something hits you but does no damage.
You hit something. You burn something.
* * * LOW HITPOINT WARNING * * *
You feel sick. The orc hits you but does no damage.
Something hits you but does no damage.
You are more poisoned.
You hit something. You burn something.
You die...

###.#.#.###
..........#
##.##.#.#.#
.##.#.#.#####
#..........###
#.#.####........
#.#.# #†.#####.
# #.#.####..#
#.##.#@......#
##.#....o.....#
.......)###...#
.####....# #.#..
.....)...###.###
.#####.......#
###..>### #...#
#...#


You could see an orc.

Vanquished Creatures
  Jessica (D:3)
  An adder (D:2)
  2 worms
  A dart slug (D:1)
  An orc (D:3)
  3 bats
  4 endoplasms
  A giant cockroach (D:1)
  2 goblins
  5 hobgoblins
  3 quokkas
  6 ball pythons
  4 frilled lizards
  7 kobolds
  4 rats
45 creatures vanquished.

Notes
Turn   | Place    | Note
-------+----------+-------------------------------------------
     0 | D:1      | Icepheonix32 the Demigod Fighter began the quest for the
                  | Orb.
     0 | D:1      | Reached XP level 1. HP: 18/18 MP: 3/3
   405 | D:1      | Reached XP level 2. HP: 25/25 MP: 4/4
  1237 | D:2      | Reached XP level 3. HP: 31/31 MP: 5/5
  1957 | D:3      | Reached skill level 1 in Short Blades
  2028 | D:3      | Noticed Jessica
  2039 | D:3      | Killed Jessica
  2040 | D:3      | Reached XP level 4. HP: 7/38 MP: 6/6
  2203 | D:3      | Succumbed to an orc wizard's poison

Illustrated notes

Levels and vault maps discovered:
D:1:      lightli_arrival_statue_moat, layout_loops_ring,
          corexii_item_surrounded_by_moat
D:2:      layout_basic, basic_altar
D:3:      layout_loops_ring, nicolae_overflow_quartered_altars, uniq_jessica

Skill      XL: |  1  2  3 |
---------------+----------+-----
Armour         | 3 |  3.3
Fighting       | 3 |  3.1
Shields        | 3 |  3.1
Short Blades   | 1 |  1.8
Long Blades    | |  1.9

Action                   |  1- 3 |  4- 6 || total
-------------------------+-------+-------++-------
Melee: Short sword       |   122 |     5 ||   127
       Long sword        |     2 |       ||     2
Evoke: Wand              |     1 |       ||     1
Armor: Scale mail        |    48 |     4 ||    52
Dodge: Dodged            |    41 |     1 ||    42
Block: Buckler           |    22 |       ||    22
